 Dungeon Crawl Stone Soup version 0.29-a0-356-g7bc237e783 (console) character file.

Game seed: 12247608689809896025

229 Melian the Skirmisher (level 5, -1/44 (48) HPs)
             Began as a Minotaur Berserker on Apr 26, 2022.
             Was a Believer of Trog.
             Slain by a wight
             ... wielding a +2 halberd of freezing
              (2 damage)
             ... on level 4 of the Dungeon.
             The game lasted 00:07:01 (3424 turns).

Melian the Skirmisher (Minotaur Berserker)          Turns: 3424, Time: 00:07:01

HP:   -1/44 (48)    AC:  9    Str: 24    XL:     5   Next: 71%
MP:   4/4           EV:  8    Int: 16    God:    Trog [**....]
Gold: 233           SH:  0    Dex:  9    Spells: 4/4 levels left

rFire   . . .      SeeInvis .   a - +0 hand axe
rCold   . . .      Faith    .   (no shield)
rNeg    . . .      Spirit   .   r - +0 chain mail
rPois   .          Reflect  .   (helmet restricted)
rElec   .          Harm     .   (no cloak)
rCorr   .          Rampage  .   (no gloves)
Will    .....                   (no boots)
Stlth   ..........              (no amulet)
HPRegen 0.14/turn               I - +6 ring of intelligence
MPRegen 0.09/turn               i - +6 ring of intelligence

@: on berserk cooldown, slowed, drained, very slow
A: horns 2, retaliatory headbutt
a: Renounce Religion, Berserk, Trog's Hand


You were on level 4 of the Dungeon.
You worshipped Trog.
Trog was pleased with you.
You visited 1 branch of the dungeon, and saw 4 of its levels.

You collected 233 gold pieces.


Innate Abilities, Weirdness & Mutations

You have a pair of horns on your head.
You reflexively headbutt those who attack you in melee.


   Skills:
 + Level 5.1 Fighting
 + Level 5.1 Axes
 - Level 3.0 Armour
 - Level 3.0 Dodging
 + Level 2.4 Stealth


You had 4 spell levels left.
You didn't know any spells.
Your spell library was empty.

Inventory:

Hand Weapons
 a - a +0 hand axe (weapon)
Armour
 h - a +0 buckler
 r - a +0 chain mail (worn)
 v - a +0 cloak
 x - a +0 cloak
Jewellery
 i - a +6 ring of intelligence (right hand)
 I - a +6 ring of intelligence (left hand)
Wands
 q - a wand of polymorph (5)
Scrolls
 f - 2 scrolls of magic mapping {unknown}
 g - a scroll of teleportation {unknown}
 j - a scroll of amnesia {unknown}
 k - 3 scrolls of torment {unknown}
 l - a scroll of fog {unknown}
 m - 3 scrolls of identify {unknown}
 o - a scroll of holy word {unknown}
 t - 3 scrolls of noise {unknown}
 w - a scroll of silence {unknown}
Potions
 b - a potion of might {unknown}
 c - 2 potions of resistance {unknown}
 d - a potion of lignification {unknown}
 e - 3 potions of curing {unknown}
 n - 3 potions of heal wounds {unknown}
 p - a potion of magic {unknown}
 s - a potion of flight {unknown}
 u - a potion of brilliance {unknown}

Dungeon Overview and Level Annotations

Branches:
Dungeon (4/15)
 Temple: D:4-7

Altars:

##............#
...)..........#
####))........#
#.#####....######
#.. ###.......#
##>. ##......# ...
#......# #...
#......##### ####
#......#....
#........##
#.)†@.....#
#######....z.#...#
#..........#.# .
#..........#.#
..........(..#
#............#
................
#..........##..#
#........... ...
#..........## ..
#..........#


You could see a wight.


Message History

The wight hits you with a +2 halberd of freezing!
* * * LOW HITPOINT WARNING * * *
You feel drained.
* * * LOW HITPOINT WARNING * * *
The wight freezes you.
* * * LOW HITPOINT WARNING * * *
You barely miss the wight. You headbutt the wight!
The wight is heavily damaged.
You closely miss the wight.
The wight is heavily damaged.
You are no longer berserk.
You are exhausted.
You feel yourself slow down. The wight barely misses you.
You furiously retaliate!
You headbutt the wight. You barely miss the wight.
The wight is severely damaged.
The wight hits you but does no damage.
You barely miss the wight. Your headbutt misses the wight.
The wight is severely damaged.
The wight barely misses you.
The wight hits you with a +2 halberd of freezing!
* * * LOW HITPOINT WARNING * * *
You feel drained.
* * * LOW HITPOINT WARNING * * *
The wight freezes you.
* * * LOW HITPOINT WARNING * * *
You hit the wight but do no damage. Your punch misses the wight.
The wight is heavily damaged.
The wight hits you with a +2 halberd of freezing.
You die...

Skill      XL: |  1  2  3  4  5 |
---------------+----------------+-----
Fighting       | 4 5 |  5.1
Axes           | 4 5 |  5.1
Stealth        | 1 2 |  2.4
Armour         | 3 |  3.0
Dodging        | 3 |  3.0

Action                   |  1- 3 |  4- 6 || total
-------------------------+-------+-------++-------
Melee: Hand axe          |   105 |    62 ||   167
       Headbutt          |    14 |     9 ||    23
       Punch             |     1 |       ||     1
Invok: Berserk           |       |     2 ||     2
 Stab: Sleeping          |     1 |       ||     1
Armor: Animal skin       |    21 |       ||    21
       Chain mail        |     7 |    33 ||    40
Dodge: Dodged            |    64 |    25 ||    89

Levels and vault maps discovered:
D:1:      zaba_arrival_water, layout_basic, basic_ecumenical_altar,
          minmay_cupped
D:2:      layout_basic, dk_noncrumbling_4
D:3:      layout_basic, st_stairs_11
D:4:      layout_rooms, minmay_circle_x

Notes
Turn   | Place    | Note
-------+----------+-------------------------------------------
     0 | D:1      | Melian the Minotaur Berserker began the quest for the Orb.
     0 | D:1      | Reached XP level 1. HP: 19/19 MP: 0/0
   195 | D:1      | Reached XP level 2. HP: 21/27 MP: 1/1
   306 | D:1      | Found a faded altar of an unknown god.
   885 | D:1      | Reached ** piety under Trog
  1001 | D:1      | Reached skill level 4 in Fighting
  1131 | D:1      | Reached skill level 4 in Axes
  1131 | D:1      | Reached XP level 3. HP: 25/33 MP: 2/2
  1432 | D:2      | Reached skill level 1 in Stealth
  1580 | D:2      | Reached skill level 3 in Armour
  2413 | D:3      | Reached XP level 4. HP: 29/40 MP: 3/3
  3088 | D:4      | Reached skill level 3 in Dodging
  3403 | D:4      | Noticed a phantom
  3411 | D:4      | Reached skill level 2 in Stealth
  3411 | D:4      | Reached XP level 5. HP: 47/47 MP: 4/4
  3411 | D:4      | Killed a phantom
  3412 | D:4      | Reached skill level 5 in Fighting
  3412 | D:4      | Reached skill level 5 in Axes
  3423 | D:4      | HP: 4/46 [wight/+2 halberd of freezing (9)]
  3423 | D:4      | HP: 1/44 [wight/+2 halberd of freezing (1)]
  3424 | D:4      | Slain by a wight

Vanquished Creatures
  A phantom (D:4)
  An orc priest (D:4)
  A hound (D:4)
  2 adders (D:2)
  A worm (D:3)
  A dart slug (D:2)
  7 orcs
  3 endoplasms
  4 giant cockroaches
  6 goblins
  6 hobgoblins
  7 kobolds
  4 quokkas
  8 ball pythons
  3 bats
  6 frilled lizards
  4 rats
65 creatures vanquished.

Table legend: (Time is in decaauts)
 A = Elapsed time spent in this place.
 B = Non-inter-level travel time spent in this place.
 C = Inter-level travel time spent in this place.
 D = Time resting spent in this place.
 E = Time spent auto-exploring this place.
 F = Levels seen in this place.
 G = Mean time per level.
                   A        B        C        D        E       F      G
               +--------+--------+--------+--------+--------+-----+--------+
         Total |   3454 |   3351 |    103 |     64 |   2709 |   4 |  863.5 |
       Dungeon |   3454 |   3351 |    103 |     64 |   2709 |   4 |  863.5 |
               +--------+--------+--------+--------+--------+-----+--------+

Top non-repeatable levels by time:
     D:1: 1306 daAuts
     D:2: 1065 daAuts
     D:3: 653 daAuts
     D:4: 429 daAuts

Table legend:
 A = Non-vault XP
 B = Vault XP
 C = Vault XP percentage of total XP
 D = Non-vault monster count
 E = Vault monster count
 F = Vault count percentage of total count
                 A         B        C        D         E       F
            +---------+---------+-------+---------+---------+-------
      Total |     207 |     121 |  36.9 |      55 |      10 |  15.4
            +---------+---------+-------+---------+---------+-------
        D:1 |      40 |       3 |   7.0 |      24 |       2 |   7.7
        D:2 |      47 |       0 |   0.0 |      13 |       0 |   0.0
        D:3 |      20 |       4 |  16.7 |       8 |       4 |  33.3
        D:4 |     100 |     114 |  53.3 |      10 |       4 |  28.6
            +---------+---------+-------+---------+---------+-------
